 Dungeon Crawl Stone Soup version 0.26-a0-812-g31a745ddcd (webtiles) character file.

Game seed: 15571555791879426848

259 mhoghedin the Chopper (level 5, 0/48 HPs)
             Began as a Palentonga Hedge Wizard on Nov 21, 2020.
             Was an Initiate of Wu Jian.
             Slain by Pikel
             ... wielding a +2 whip of freezing
              (5 damage)
             ... on level 4 of the Dungeon.
             The game lasted 00:05:08 (2811 turns).

mhoghedin the Chopper (Palentonga Hedge Wizard)     Turns: 2811, Time: 00:05:08

Health: 0/48       AC:  4    Str: 14    XL:     5   Next: 95%
Magic:  8/8        EV: 10    Int: 14    God:    Wu Jian [......]
Gold:   154        SH:  0    Dex: 10    Spells: 9/10 levels left

rFire    . . .     SeeInvis +   e - +1 hand axe (vorpal)
rCold    . . .     Faith    .   (no shield)
rNeg     . . .     Spirit   .   b - +0 robe
rPois    .         Reflect  .   c - +0 hat
rElec    .         Harm     .   (no cloak)
rCorr    +         Rampage  .   (no gloves)
MR       .....                  (no barding)
Stlth    +.........             (no amulet)
HPRegen  0.16/turn              m - ring of resist corrosion
MPRegen  0.11/turn              (no ring)

@: mighty, attractive
A: large, antennae 1, rugged brown scales 3, see invisible, deformed body, low
mp 1, roll, armoured tail
a: Rolling Charge, Renounce Religion


You were on level 4 of the Dungeon.
You worshipped Wu Jian.
Wu Jian was noncommittal.
You visited 1 branch of the dungeon, and saw 4 of its levels.

You collected 154 gold pieces.

Inventory:

Hand Weapons
 a - a +0 dagger
 e - a +1 vorpal hand axe (weapon)
   (You found it on level 1 of the Dungeon)
Armour
 b - a +0 robe (worn)
 c - a +0 hat (worn)
 d - a +0 pair of gloves
   (You found it on level 4 of the Dungeon)
Jewellery
 m - a ring of resist corrosion (left hand)
   (You found it on level 1 of the Dungeon)
Scrolls
 f - 5 scrolls of remove curse {unknown}
 j - 2 scrolls of teleportation {unknown}
 l - 2 scrolls of identify
 q - a scroll of amnesia {unknown}
Potions
 i - a potion of might
 n - a potion of magic


   Skills:
 + Level 3.0 Fighting
 + Level 4.8 Axes
 - Level 1.5 Dodging
 - Level 1.2 Stealth
 - Level 3.0 Spellcasting
 - Level 0.8 Conjurations
   Level 0.7 Summonings
   Level 1.0 Translocations


You had 9 spell levels left.
You knew the following spells:

 Your Spells              Type           Power        Failure   Level
a - Magic Dart            Conj           #...         16%         1

Your spell library contained the following spells:

 Spells                   Type           Power        Failure   Level
 Blink                    Tloc           N/A          22%         2
 Call Imp                 Summ           #.......     24%         2
 Slow                     Hex            #.......     32%         2
 Conjure Flame            Conj/Fire      #.......     47%         3
 Mephitic Cloud           Conj/Pois/Air  #.......     50%         3


Dungeon Overview and Level Annotations

Branches:
Dungeon (4/15)
 Temple: D:4-7

Altars:
Wu Jian

Annotations:
D:4 Pikel


Innate Abilities, Weirdness & Mutations

You are completely covered in rugged brown scales. (AC +3, +7% HP)
You have supernaturally acute eyesight. (SInv)
Armour fits poorly on your strangely shaped body.
You can roll at foes to attack.
You have a long armoured tail.
You have a pair of small antennae on your head.
Your magical capacity is low. (-10% MP)


Message History

You kill Dowan!
The Council accepts your kill.
You feel your strength returning.
Your Fighting skill increases to level 3!
You start resting.
Your extra speed is starting to run out.
You regained 4 hp, and now have 10/48 hp.
You start resting.
You feel yourself slow down.
You start resting.
Health restored: 48
Things that are here:
a +0 dagger; a +1 robe of cold resistance
Things that are here:
a +0 rapier; a +0 leather armour; an adder skeleton As you open the door, it creaks loudly!
There is an open door here.
You now have 154 gold pieces (gained 8).
You sense a monster nearby.
You open the door.
A leopard gecko and a giant cockroach come into view.
The leopard gecko hisses angrily.
The leopard gecko barely misses you.
Found a stone staircase leading down.
There is an open door here.
You hit the leopard gecko.
You kill the leopard gecko!
The Council accepts your kill.
You hit the giant cockroach.
Your tail-slap misses the giant cockroach.
The giant cockroach barely misses you.
You barely miss the giant cockroach. The giant cockroach closely misses you.
The giant cockroach bites you but does no damage.
You hit the giant cockroach.
You kill the giant cockroach!
The Council accepts your kill.
No target in view!
No target in view!
No target in view!
No target in view!
No target in view!
No target in view!
No target in view!
No target in view!
No target in view!
You open the door.
There is an open door here.
Found two stone staircases leading up.
You open the door.
There is an open door here.
You open the door.
There is an open door here.
f - 5 scrolls labelled KOOHEO RIURAEXT (gained 1)
You open the door.
There is an open door here.
There is an open door here.
You open the door.
There is an open door here.
d - a pair of gloves No target in view!
You open the door.
There is an open door here.
There is an open door here.
You open the door.
There is an open door here.
You sense a monster nearby.
As you open the door, it creaks loudly! 4 lemures and Pikel come into view.
Pikel is wielding a +2 whip of freezing.
Pikel shouts!
The lemure shouts! x4
The lemure moves out of view.
There is an open door here.
You aren't carrying any items that you can evoke.
Okay, then.
Unknown command.
You hit Pikel. Pikel closely misses you.
You hit Pikel but do no damage.
Pikel hits you with a +2 whip of freezing!
Pikel freezes you.
You take 15 damage, and have 33/48 hp.
MASSIVE DAMAGE!!
Unknown command.
It was a potion of attraction.
You feel attractive to monsters. Pikel closely misses you.
It was a potion of might.
You feel very mighty all of a sudden.
Pikel hits you with a +2 whip of freezing!
Pikel freezes you.
You take 10 damage, and have 23/48 hp.
MASSIVE DAMAGE!!
Unknown command.
You slash Pikel!
Pikel says, "It's all about the gold, really."
Pikel hits you with a +2 whip of freezing.
Pikel freezes you.
Pikel hits you with a +2 whip of freezing!
* * * LOW HITPOINT WARNING * * *
Pikel freezes you.
You die...

#........#......#.....'..
#........######'###'#####
..########...#...........
#.......#....#.....'...........
#.......#....#.....#...........
#...... #....#.....#...........
#...... #....#.....#...........
...5. #....#.....#...........
5.{ ###.##@#####...........
#####'####'##K# ...#######...
#.....5.5'K.55# ....# #...
#.......5#...5# ... #...
#........#....+ #...
############### #... ####


You could see Pikel and 3 lemures.

Vanquished Creatures
  Duvessa (D:4)
  Dowan (D:4)
  A hound (D:4)
  3 adders
  2 leopard geckos
  An orc (D:3)
  2 giant cockroaches
  8 goblins
  4 hobgoblins
  7 jackals
  2 quokkas (D:3)
  4 bats
  A frilled lizard (D:1)
  2 kobolds
  2 rats
41 creatures vanquished.

Notes
Turn   | Place    | Note
-------+----------+-------------------------------------------
     0 | D:1      | mhoghedin the Palentonga Hedge Wizard began the quest for
                  | the Orb.
     0 | D:1      | Reached XP level 1. HP: 14/14 MP: 4/4
   139 | D:1      | Reached skill level 1 in Axes
   244 | D:1      | Reached XP level 2. HP: 21/21 MP: 6/6
   404 | D:1      | Reached skill level 2 in Axes
   821 | D:2      | Reached XP level 3. HP: 10/27 MP: 7/7
   834 | D:2      | HP: 6/27 [poisoned by an adder]
   842 | D:2      | HP: 5/27 [poisoned by an adder]
  1152 | D:2      | You fall into a shaft and drop 1 floor!
  1172 | D:3      | Reached skill level 3 in Axes
  1176 | D:3      | HP: 6/27 [poisoned by an adder]
  1184 | D:3      | HP: 5/27 [poisoned by an adder]
  1446 | D:2      | Found an ornate altar of the Wu Jian Council.
  1456 | D:2      | Became a worshipper of the Wu Jian Council
  1858 | D:3      | Found a faded altar of an unknown god.
  2169 | D:4      | Reached skill level 1 in Fighting
  2169 | D:4      | Reached XP level 4. HP: 19/37 MP: 8/8
  2348 | D:4      | Noticed Duvessa
  2348 | D:4      | Noticed Dowan
  2364 | D:4      | Gained mutation: Your magical capacity is low. (-10% MP)
                  | [potion of mutation]
  2364 | D:4      | Gained mutation: You have a pair of small antennae on your
                  | head. [potion of mutation]
  2388 | D:4      | Killed Duvessa
  2388 | D:4      | Reached skill level 2 in Fighting
  2388 | D:4      | Reached skill level 4 in Axes
  2388 | D:4      | Reached XP level 5. HP: 39/44 MP: 8/8
  2422 | D:4      | HP: 10/44 [Dowan/+0 dagger (2)]
  2428 | D:4      | HP: 5/44 [Dowan/shard of ice (5)]
  2431 | D:4      | Killed Dowan
  2431 | D:4      | Reached skill level 3 in Fighting
  2796 | D:4      | Noticed Pikel
  2796 | D:4      | Noticed a lemure
  2796 | D:4      | Noticed a lemure
  2796 | D:4      | Noticed a lemure
  2796 | D:4      | Noticed a lemure
  2811 | D:4      | HP: 5/48 [Pikel/+2 whip of freezing (12)]
  2811 | D:4      | Slain by Pikel

Illustrated notes

Levels and vault maps discovered:
D:1:      dpeg_arrival_rhombus, layout_basic
D:2:      layout_rooms, nicolae_overflow_hidden_temple, minivault_14
D:3:      layout_basic, chequers_ecumenical_altar_simple_redux
D:4:      layout_gridville, minmay_temple_entry_trees, uniq_pikel, uniq_duvessa

Skill      XL: |  1  2  3  4  5 |
---------------+----------------+-----
Axes           | 1 2 3 4 |  4.8
Fighting       | 1 2 3 |  3.0
Dodging        | |  1.5
Stealth        | |  1.2
Spellcasting   | |  3.0
Conjurations   | |  0.8
Summonings     | |  0.7
Translocations | |  1.0

Action                   |  1- 3 |  4- 6 || total
-------------------------+-------+-------++-------
Melee: Hand axe          |    94 |    60 ||   154
       Tailslap          |    10 |     4 ||    14
       Dagger            |     2 |       ||     2
Invok: Lunge             |     3 |       ||     3
  Use: Scroll            |     3 |       ||     3
       Potion            |       |     7 ||     7
Armor: Robe              |    31 |     1 ||    32
       Skin              |       |    30 ||    30
Dodge: Dodged            |    62 |    16 ||    78

Table legend: (Time is in decaauts)
 A = Elapsed time spent in this place.
 B = Non-inter-level travel time spent in this place.
 C = Inter-level travel time spent in this place.
 D = Time resting spent in this place.
 E = Time spent auto-exploring this place.
 F = Levels seen in this place.
 G = Mean time per level.
                   A        B        C        D        E       F      G
               +--------+--------+--------+--------+--------+-----+--------+
         Total |   2812 |   2748 |     64 |    894 |   1459 |   4 |  703.0 |
       Dungeon |   2812 |   2748 |     64 |    894 |   1459 |   4 |  703.0 |
               +--------+--------+--------+--------+--------+-----+--------+

Top non-repeatable levels by time:
     D:3: 968 daAuts
     D:1: 946 daAuts
     D:4: 656 daAuts
     D:2: 241 daAuts

Table legend:
 A = Kills in this place as a percentage of kills in entire the game.
 B = Kills by you in this place as a percentage of kills by you in the entire game.
 C = Kills by friends in this place as a percentage of kills by friends in the entire game.
 D = Other kills in this place as a percentage of other kills in the entire game.
 E = Experience gained in this place as a percentage of experience gained in the entire game.
 F = Experience gained in this place divided by the number of levels of this place that you have seen.
                   A       B       C       D       E      F
               +-------+-------+-------+-------+-------+----------------------
         Total | 100.0 | 100.0 |   N/A |   N/A | 100.0 |  92.8
       Dungeon | 100.0 | 100.0 |   N/A |   N/A | 100.0 |  92.8
               +-------+-------+-------+-------+-------+----------------------
